cohdb
Replays
Latest Replays
All Replays
Popular Replays
Top Player Replays
Match Explorer
How It Works
Community
CoH3 Stats
Reddit
Sign in to upload your games and track your stats! →
Sign in with Steam
Match 38336331
Unlisted
Match 38336331
Overview
Messages
Build Orders
End
Construct Infanterie Kompanie
Kettenkrad Recon Vehicle
Grenadier Squad
Grenadier Squad
Construct Panzergrenadier Kompanie
251 Medium Carrier
Construct Panzer Kompanie
Stoßtruppen Squad
Stoßtruppen Squad
Panzer Officer Quarters
Stoßtruppen Squad
Sturmpanzer IV Brummbär
Selects Mechanized Battlegroup
Selects Mobile Repair Stations
Selects Stoßtruppen Assault Package
Stoßtruppen Squad
Stoßtruppen Squad
Stoßtruppen Squad
Selects Mechanized Assault
Selects Raid Package
Selects 8 Rad Armored Car
Selects UNKNOWN (2160084)
Medical Station
Panther Heavy Tank
UH|XTC
insane
iceman
Centurion581
Nuba
jimmy82lao
0
0
Comments
sign in to comment!
No comments posted yet!